 Dungeon Crawl Stone Soup version 0.31-a0-152-g6aa68a64a1 (webtiles) character file.

Game seed: 1430432167357984420

289 qw the Shooter (level 6, 0/56 HPs)
             Began as a Naga Hunter on June 9, 2023.
             Slain by Pikel
             ... wielding a +0 whip of flaming
              (4 damage)
             ... on level 3 of the Dungeon.
             The game lasted 00:01:02 (2751 turns).

qw the Shooter (Naga Hunter)                        Turns: 2751, Time: 00:01:02

Health: 0/56       AC:  3    Str: 14    XL:     6   Next: 31%
Magic:  6/6        EV:  9    Int:  9    God:
Gold:   1063       SH:  0    Dex: 16    Spells: 5/5 levels left

rFire   . . .        Y - +0 shortbow
rCold   . . .        (shield currently unavailable)
rNeg    + . .        c - +0 leather armour
rPois   +            (no helmet)
rElec   .            (no cloak)
rCorr   .            (no gloves)
SInv    +            (no barding)
Will    .....        (no amulet)
Stlth   ++           b - ring of positive energy
HPRegen 0.29/turn    (no ring)
MPRegen 0.10/turn

%: no passive effects
@: short of breath, very slow
A: AC +2, large, see invisible, deformed body, poison resistance, slowness 2,
spit poison 1, naga tail 1
a: Spit Poison


You were on level 3 of the Dungeon.
You visited 1 branch of the dungeon, and saw 4 of its levels.

You collected 1063 gold pieces.


Innate Abilities, Weirdness & Mutations

Your serpentine skin is tough. (AC +2)
You have supernaturally acute eyesight. (SInv)
Armour fits poorly on your strangely shaped body.
Your system is resistant to poisons. (rPois)
You cover ground very slowly.
You can spit poison.
You have a snake-like lower body.


   Skills:
 + Level 3.5 Fighting
 - Level 6.1 Ranged Weapons
 - Level 1.5 Dodging
 - Level 1.5 Stealth


You had 5 spell levels left.
You didn't know any spells.
Your spell library was empty.

Inventory:

Hand Weapons
 Y - a +0 shortbow (weapon)
Armour
 c - a +0 leather armour (worn)
Jewellery
 b - a ring of positive energy (left hand)
Scrolls
 a - 5 scrolls of identify
Potions
 d - 2 potions of curing

Dungeon Overview and Level Annotations

Branches:
Dungeon (4/15)
 Temple: D:4-7

Altars:

Shops:
D:2 (

Annotations:
D:3 Pikel


Message History

Pikel hits you with a +0 whip of flaming.
Pikel burns you.
You climb upwards.
There is a stone staircase leading down here.
Enter note:
Enter note:
Enter note:
Enter note:
Enter note:
Enter note:
Enter note:
Enter note:
Enter note:
Enter note:
Enter note:
Enter note: You shoot an arrow.
The arrow closely misses Pikel.
You have got your breath back.
Pikel hits you with a +0 whip of flaming.
Pikel burns you. The lemure barely misses you. The lemure hits you!
The lemure hits you.
2748 ||| INVOKING Spit Poison.
Aiming: Spit Poison (1% risk of failure)
Press: ? - help, Shift-Dir - straight line, f/p - Pikel The splash of poison misses Pikel.
Pikel closely misses you. The lemure barely misses you.
The lemure hits you but does no damage. The lemure hits you.
You shoot an arrow. The arrow hits Pikel.
Pikel is moderately wounded.
Pikel hits you with a +0 whip of flaming.
Pikel burns you. The lemure hits you.
The lemure hits you but does no damage. x2
You shoot an arrow. The arrow closely misses Pikel.
Pikel hits you with a +0 whip of flaming.
Pikel burns you. The lemure hits you but does no damage. The lemure hits you.
The lemure hits you but does no damage.
You shoot an arrow. The arrow hits Pikel!
Pikel is heavily wounded.
Pikel hits you with a +0 whip of flaming!
Pikel burns you.
You die...

.## ###.######..#
..########
#.........#
.....'...##
#########%#
..######..# #.# .##
##.######## #.# .####
#........# #.# .#..#
#.#####..# #.# '##.#
#.# #.5# #.# ..#.#
#.#
###5@#######.########
#.#.# #.#
#..5.K...............
....# #.#
#.#..######...#######
#...# #.###.#..#
#.)...# #...#
#........# ##...##
#...# #.......##
##.## ##.####
#####.### #.# ......#
#.# #.# .#.##.# #.#
##+##


You could see Pikel and 3 lemures.

Vanquished Creatures
  2 kobold brigands (D:3)
  An orc wizard (D:3)
  5 adders
  A worm (D:2)
  A dart slug (D:2)
  8 orcs (D:3)
  5 endoplasms
  5 giant cockroaches (D:1)
  11 goblins
  7 hobgoblins
  2 jackals (D:2)
  A quokka (D:1)
  5 ball pythons
  6 bats
  A frilled lizard (D:1)
  7 kobolds
  9 rats
77 creatures vanquished.

Notes
Turn   | Place    | Note
-------+----------+-------------------------------------------
     0 | D:1      | qw the Naga Hunter began the quest for the Orb.
     0 | D:1      | Reached XP level 1. HP: 19/19 MP: 1/1
     0 | D:1      | 0 ||| qw: Version: 0.2-a-122-gbc61b45
     0 | D:1      | 0 ||| qw: Game counter: 3286
     0 | D:1      | 0 ||| qw: Always use a shield: true
     0 | D:1      | 0 ||| qw: God list: Okawaru
     0 | D:1      | 0 ||| qw: Allow faded altars: false
     0 | D:1      | 0 ||| qw: Do Orc after D:15 true
     0 | D:1      | 0 ||| qw: Do second Lair branch before Depths: true
     0 | D:1      | 0 ||| qw: Lair rune preference: random
     0 | D:1      | 0 ||| qw: Plans: Normal
     0 | D:1      | 0 ||| PLANNING D:1-11
    11 | D:1      | 11 ||| INVOKING Spit Poison.
    31 | D:1      | 31 ||| INVOKING Spit Poison.
   123 | D:1      | 123 ||| INVOKING Spit Poison.
   139 | D:1      | 139 ||| INVOKING Spit Poison.
   148 | D:1      | 148 ||| INVOKING Spit Poison.
   213 | D:1      | 213 ||| INVOKING Spit Poison.
   216 | D:1      | Reached skill level 4 in Ranged Weapons
   216 | D:1      | Reached XP level 2. HP: 26/26 MP: 2/2
   221 | D:1      | 221 ||| INVOKING Spit Poison.
   231 | D:1      | 231 ||| INVOKING Spit Poison.
   240 | D:1      | 240 ||| INVOKING Spit Poison.
   270 | D:1      | 270 ||| INVOKING Spit Poison.
   288 | D:1      | 288 ||| INVOKING Spit Poison.
   426 | D:1      | 426 ||| INVOKING Spit Poison.
   564 | D:1      | 564 ||| INVOKING Spit Poison.
   583 | D:1      | 583 ||| INVOKING Spit Poison.
   587 | D:1      | 587 ||| INVOKING Spit Poison.
   593 | D:1      | 593 ||| INVOKING Spit Poison.
   626 | D:1      | 626 ||| INVOKING Spit Poison.
   630 | D:1      | Reached XP level 3. HP: 32/32 MP: 3/3
   636 | D:1      | 636 ||| INVOKING Spit Poison.
   640 | D:1      | 640 ||| INVOKING Spit Poison.
   666 | D:1      | 666 ||| INVOKING Spit Poison.
   687 | D:1      | 687 ||| INVOKING Spit Poison.
   690 | D:1      | 690 ||| INVOKING Spit Poison.
   693 | D:1      | 693 ||| INVOKING Spit Poison.
   883 | D:1      | 883 ||| INVOKING Spit Poison.
   890 | D:1      | 890 ||| INVOKING Spit Poison.
   896 | D:1      | 896 ||| READING 2 scrolls labelled LUM QEEMEM.
   897 | D:1      | 897 ||| READING scroll labelled VEGGIH CIFORPH.
   898 | D:1      | 898 ||| READING scroll labelled LEIH OHIBYETZ.
   902 | D:1      | 902 ||| READING scroll labelled ENEESO KOXUAGY.
   903 | D:1      | 903 ||| DROPPING scroll of butterflies.
   967 | D:2      | 967 ||| INVOKING Spit Poison.
   972 | D:2      | 972 ||| INVOKING Spit Poison.
  1007 | D:2      | Found Puuluas's Weapon Shoppe.
  1008 | D:2      | 1008 ||| INVOKING Spit Poison.
  1011 | D:2      | 1011 ||| INVOKING Spit Poison.
  1024 | D:2      | 1024 ||| SHOPLISTING +2 shortbow of electrocution (273
                  | gold, have 88).
  1065 | D:2      | 1065 ||| INVOKING Spit Poison.
  1071 | D:2      | 1071 ||| INVOKING Spit Poison.
  1072 | D:2      | 1072 ||| INVOKING Spit Poison.
  1144 | D:2      | 1144 ||| INVOKING Spit Poison.
  1196 | D:2      | 1196 ||| INVOKING Spit Poison.
  1280 | D:2      | 1280 ||| INVOKING Spit Poison.
  1289 | D:2      | 1289 ||| INVOKING Spit Poison.
  1292 | D:2      | 1292 ||| INVOKING Spit Poison.
  1294 | D:2      | Reached skill level 5 in Ranged Weapons
  1294 | D:2      | Reached XP level 4. HP: 39/39 MP: 4/4
  1298 | D:2      | 1298 ||| INVOKING Spit Poison.
  1303 | D:2      | 1303 ||| INVOKING Spit Poison.
  1352 | D:2      | 1352 ||| INVOKING Spit Poison.
  1382 | D:2      | 1382 ||| INVOKING Spit Poison.
  1388 | D:2      | 1388 ||| INVOKING Spit Poison.
  1425 | D:2      | 1425 ||| INVOKING Spit Poison.
  1515 | D:2      | 1515 ||| INVOKING Spit Poison.
  1545 | D:2      | 1545 ||| INVOKING Spit Poison.
  1574 | D:2      | 1574 ||| READING scroll labelled CALUGG GAIM COAS.
  1575 | D:2      | 1575 ||| READING 2 scrolls labelled QICEPT HAHUHI.
  1576 | D:2      | 1576 ||| READING scroll labelled SYUCUE UMMYOGH.
  1576 | D:2      | Identified a scroll of acquirement
  1576 | D:2      | 1576 ||| ACQUIRING 926 gold pieces
  1576 | D:2      | Acquired 926 gold pieces
  1578 | D:2      | 1578 ||| READING 4 scrolls of identify.
  1578 | D:2      | 1578 ||| IDENTIFYING golden potion
  1579 | D:2      | 1579 ||| READING 3 scrolls of identify.
  1579 | D:2      | 1579 ||| IDENTIFYING puce potion
  1580 | D:2      | 1580 ||| DROPPING scroll of noise.
  1581 | D:2      | 1581 ||| DROPPING potion of enlightenment.
  1641 | D:3      | 1641 ||| INVOKING Spit Poison.
  1658 | D:3      | 1658 ||| INVOKING Spit Poison.
  1662 | D:3      | 1662 ||| INVOKING Spit Poison.
  1666 | D:3      | 1666 ||| INVOKING Spit Poison.
  1671 | D:3      | 1671 ||| INVOKING Spit Poison.
  1675 | D:3      | 1675 ||| INVOKING Spit Poison.
  1677 | D:3      | 1677 ||| DRINKING 3 potions of curing.
  1677 | D:3      | 1677 ||| (to cure confusion)
  1679 | D:3      | Reached skill level 3 in Fighting
  1679 | D:3      | 1679 ||| INVOKING Spit Poison.
  1684 | D:3      | Reached XP level 5. HP: 24/49 MP: 5/5
  1784 | D:3      | 1784 ||| INVOKING Spit Poison.
  1813 | D:3      | 1813 ||| INVOKING Spit Poison.
  1838 | D:3      | Found the +7 Throatcutter {drain, coup de grace}
  1838 | D:3      | Noticed a kobold brigand
  1838 | D:3      | Noticed a kobold brigand
  1839 | D:3      | 1839 ||| INVOKING Spit Poison.
  1842 | D:3      | 1842 ||| INVOKING Spit Poison.
  1845 | D:3      | 1845 ||| INVOKING Spit Poison.
  1847 | D:3      | Killed a kobold brigand
  1851 | D:3      | 1851 ||| INVOKING Spit Poison.
  1854 | D:3      | 1854 ||| INVOKING Spit Poison.
  1858 | D:3      | 1858 ||| INVOKING Spit Poison.
  1859 | D:3      | HP: 10/49 [kobold brigand/+0 short sword (4)]
  1860 | D:3      | Killed a kobold brigand
  1861 | D:3      | Reached skill level 6 in Ranged Weapons
  1861 | D:3      | Reached XP level 6. HP: 7/56 MP: 6/6
  2056 | D:3      | 2056 ||| INVOKING Spit Poison.
  2087 | D:3      | 2087 ||| INVOKING Spit Poison.
  2096 | D:3      | 2096 ||| INVOKING Spit Poison.
  2110 | D:3      | 2110 ||| INVOKING Spit Poison.
  2115 | D:3      | 2115 ||| INVOKING Spit Poison.
  2120 | D:3      | 2120 ||| INVOKING Spit Poison.
  2143 | D:3      | 2143 ||| INVOKING Spit Poison.
  2338 | D:3      | 2338 ||| INVOKING Spit Poison.
  2420 | D:3      | 2420 ||| INVOKING Spit Poison.
  2452 | D:3      | 2452 ||| INVOKING Spit Poison.
  2619 | D:3      | 2619 ||| INVOKING Spit Poison.
  2712 | D:3      | 2712 ||| UPGRADING to ring of positive energy.
  2713 | D:3      | 2713 ||| READING scroll labelled PAHOPAZECI.
  2714 | D:3      | 2714 ||| READING scroll labelled ZETOOWNUUXT.
  2715 | D:3      | 2715 ||| READING scroll labelled KIRGHA CEPAE.
  2741 | D:4      | Noticed Pikel
  2742 | D:4      | 2742 ||| INVOKING Spit Poison.
  2745 | D:4      | 2745 ||| STAIRDANCE
  2748 | D:3      | 2748 ||| INVOKING Spit Poison.
  2750 | D:3      | HP: 13/56 [Pikel/+0 whip of flaming (3)]
  2751 | D:3      | HP: 4/56 [Pikel/+0 whip of flaming (7)]
  2751 | D:3      | Slain by Pikel

Levels and vault maps discovered:
D:1:      dpeg_arrival_long_road, layout_basic
D:2:      layout_basic, serial_shops, shop
D:3:      layout_loops_corners, amcnicky_mini_corridor_feature,
          dilly_guarded_unrand_throatcut
D:4:      layout_cave_pools, eat_drink_and_be_merry_uskayaw,
          yredelemnul_forgotten_temple_becter, minmay_temple_entry_trees,
          uniq_pikel

Skill      XL: |  1  2  3  4  5 |
---------------+----------------+-----
Ranged Weapons | 4 5 6 |  6.1
Fighting       | 3 |  3.5
Dodging        | |  1.5
Stealth        | |  1.5

Action                     |  1- 3 |  4- 6 || total
---------------------------+-------+-------++-------
   Fire: Shortbow          |    73 |    94 ||   167
Ability: Spit Poison       |    36 |    36 ||    72
    Use: Scroll            |     4 |     8 ||    12
         Potion            |       |     1 ||     1
 Armour: Leather armour    |     4 |    17 ||    21
  Dodge: Dodged            |    14 |    36 ||    50

Table legend:
 A = Non-vault XP
 B = Vault XP
 C = Vault XP percentage of total XP
 D = Non-vault monster count
 E = Vault monster count
 F = Vault count percentage of total count
                 A         B        C        D         E       F
            +---------+---------+-------+---------+---------+-------
      Total |     223 |     190 |  46.0 |      71 |       6 |   7.8
            +---------+---------+-------+---------+---------+-------
        D:1 |      47 |       0 |   0.0 |      29 |       0 |   0.0
        D:2 |      70 |       0 |   0.0 |      18 |       0 |   0.0
        D:3 |     106 |     190 |  64.2 |      24 |       6 |  20.0
            +---------+---------+-------+---------+---------+-------
